Capitals vs Maple Leafs

Created - 1 février 2024 at 20:50

Goals
1 2 3 OT1 SO T
Capitals 2 0 3 0 0 5
Maple Leafs 1 1 3 0 1 6
Shots
1 2 3 OT1 SO T
Capitals 7 11 18 1 3 37
Maple Leafs 13 14 10 1 3 38

GoalsPenalties
1st period
1. Capitals , Adam Fantilli 3 (Quinton Byfield 7) at 13:19
2. Capitals , Kyle Palmieri 10 (Elias Pettersson 14, Andrew Cogliano 11) at 19:20
3. Maple Leafs , Nikolaj Ehlers 15 (Connor Bedard 11, Andrei Svechnikov 27) at 19:56 (PP)
Joel Eriksson Ek (WAS) for Holding Stick (Minor) at 19:42
2nd period
4. Maple Leafs , Ryan Johansen 13 (Alex Iafallo 14, Nikolaj Ehlers 21) at 6:43
3rd period
5. Maple Leafs , Michael McCarron 2 (Mattias Janmark 7) at 1:55
6. Capitals , Derek Grant 8 (Cal Clutterbuck 8, Isac Lundestrom 4) at 2:10
7. Capitals , Joel Eriksson Ek 11 (Jake Guentzel 11, Adam Lowry 15) at 2:26
8. Maple Leafs , Jesper Bratt 15 (Connor Bedard 12) at 7:41
9. Capitals , Elias Pettersson 15 (Jake Guentzel 12, Joel Eriksson Ek 20) at 10:26
10. Maple Leafs , Jesper Bratt 16 (Ryan Johansen 19) at 13:39 (PP)
Joel Eriksson Ek (WAS) for Elbowing (Minor) at 7:44
Adam Lowry (WAS) for High sticking (Minor) at 13:33
Joel Armia (WAS) for Holding Stick (Minor) at 16:35
Overtime #1
No Goal
Shootout
Capitals, Jake Guentzel - Stopped by Pyotr Kochetkov
Maple Leafs, Ryan Johansen - Stopped by Samuel Montembeault
Capitals, Joel Eriksson Ek - Stopped by Pyotr Kochetkov
Maple Leafs, Andrei Svechnikov - Stopped by Samuel Montembeault
Capitals, Adam Lowry - Stopped by Pyotr Kochetkov
Maple Leafs, Connor Bedard - Goal!
Goalie Stats
Samuel Montembeault (WAS), 33 saves from 38 shots - (0,868), OTL, 7-15-2, 65:00 minutes
Pyotr Kochetkov (TOR), 32 saves from 37 shots - (0,865), W, 13-9-4, 65:00 minutes
3 StarsOfficial
1 - Ryan Johansen (TOR)
2 - Elias Pettersson (WAS)
3 - Jesper Bratt (TOR)
Referees : Mitch Dunning and Brett Roeland
Linesman : Greg Devorski and Colin Gates
Game Note
No Game Note
Finance
Level 1 -- Attendance: 4182 (69,70%) -- Ticket Income $460,020
Level 2 -- Attendance: 4893 (97,86%) -- Ticket Income $318,045
Level 3 -- Attendance: 1288 (64,40%) -- Ticket Income $57,960
Level 4 -- Attendance: 3380 (84,50%) -- Ticket Income $74,360
Luxury Box -- Attendance: 642 (64,20%) -- Ticket Income $144,450
Game was played at the Air Canada Center.
Total Attendance: 14385 (79,92%)
Total Ticket Income: $1,054,835
Other Income: $516,869
Total Income: $1,571,704



Team Name Goals Shots Shots Attemp Shots Blocked PIM HIT PP PK FO%
Capitals 53762178230 / 0 (0,00%259%
Maple Leafs 6387590312 / 4 (50%)041%

Capitals
Player Name POS G A P +/- PIM HIT SHT SB MP PP MP PP SHT PK MP PK SHT FO% FOT GA TA
Adam FantilliC101001609:170:0000:0000% 000
Adam LowryC/LW011-1222017:290:0000:00064% 1100
Anders BjorkLW000000000:000:0000:0000% 000
Andrew CoglianoC/LW/RW0111020117:190:0002:17014% 700
Cal ClutterbuckLW/RW0111024115:110:0000:0000% 000
Cam YorkD000-1022221:040:0002:0300% 001
Damon SeversonD0002000216:010:0000:0000% 022
Derek GrantC1011023117:160:0001:57055% 2000
Elias PetterssonLW1122013018:440:0001:2400% 002
Isac LundestromC/LW0111000116:080:0001:1200% 010
Jake GuentzelC/LW0220022019:350:0001:320100% 121
Jake NeighboursLW000000000:000:0000:0000% 000
Joel ArmiaLW/RW000021009:320:0000:1400% 000
Joel Eriksson EkC/LW/RW1120415118:160:0000:000100% 300
Justin SchultzD0000012324:090:0002:0300% 001
Kyle PalmieriLW/RW1011022016:100:0000:0000% 010
Marc-Edouard VlasicD0003001019:580:0002:1500% 010
Nathan BeaulieuD000-1011317:430:0000:0000% 002
Oliver Ekman-LarssonD0001001226:050:0002:1500% 022
Quinton ByfieldC0110033010:410:0000:000100% 401
Maple Leafs
Player Name POS G A P +/- PIM HIT SHT SB MP PP MP PP SHT PK MP PK SHT FO% FOT GA TA
Alex IafalloC/LW0110001118:410:0300:000100% 111
Alexander RomanovD000-2053321:391:5600:0000% 010
Andrei SvechnikovLW/RW011-1076121:372:1100:0000% 111
Ben HuttonD0000000116:080:0000:0000% 000
Braden SchneiderD0000011016:080:0000:0000% 001
Cam FowlerD000-2010123:091:5600:0000% 000
Connor BedardC022-1022021:292:0200:00063% 1611
Eric StaalC/LW000-1001112:360:0000:0000% 130
Hampus LindholmD0000023123:492:2200:0000% 000
Jesper BrattLW/RW202-1006021:151:5010:0000% 211
Jonas RondbjergLW/RW000001008:090:0000:0000% 000
Kaapo KakkoRW000-1010016:052:0700:0000% 001
Linus KarlssonC000-1011012:170:0000:00033% 901
Mattias JanmarkC/LW/RW011000109:390:5900:0000% 001
Michael McCarronC/RW101003108:510:1700:0000% 100
Mikhail SergachevD0000032024:072:2200:0000% 010
Nikolaj EhlersRW1120007020:011:4110:0000% 031
Ryan JohansenC/RW1120043019:201:4400:00033% 1500

Capitals

5 vs 5 Forward
Line #Left WingCenterRight WingPHYDFOFWanted %Time %Time Play
1Jake GuentzelAdam LowryJoel Eriksson Ek1133031%17:08
2Elias PetterssonAndrew CoglianoKyle Palmieri1222827%14:47
3Isac LundestromDerek GrantCal Clutterbuck1312626%14:30
4Adam FantilliQuinton ByfieldJoel Armia1311617%9:17
5 vs 5 Defense
Line #DefenseDefensePHYDFOFWanted %Time %Time Play
1Justin SchultzOliver Ekman-Larsson1223028%15:26
2Damon SeversonMarc-Edouard Vlasic1223030%16:46
3Cam YorkNathan Beaulieu1223032%17:43
4Justin SchultzOliver Ekman-Larsson1221010%5:47
Power Play Forward
Line #Left WingCenterRight WingPHYDFOFWanted %Time %Time Play
1Cal ClutterbuckJake GuentzelJoel Eriksson Ek122600%0:00
2Elias PetterssonAdam LowryKyle Palmieri122400%0:00
Power Play Defense
Line #DefenseDefensePHYDFOFWanted %Time %Time Play
1Damon SeversonOliver Ekman-Larsson122600%0:00
2Justin SchultzMarc-Edouard Vlasic122400%0:00
Penalty Kill 4 Players Forward
Line #CenterWingPHYDFOFWanted %Time %Time Play
1Derek GrantAndrew Cogliano1316083%3:33
2Isac LundestromJoel Armia1314017%0:45
Penalty Kill 4 Players Defense
Line #DefenseDefensePHYDFOFWanted %Time %Time Play
1Cam YorkJustin Schultz1226048%2:03
2Oliver Ekman-LarssonMarc-Edouard Vlasic1224052%2:15
Penalty Kill 3 Players
Line #WingPHYDFOFWanted %Time %Time PlayDefenseDefensePHYDFOFWanted %Time %Time Play
1Derek Grant122600%0:00 Justin SchultzOliver Ekman-Larsson122600%0:00
2Andrew Cogliano122400%0:00 Cam YorkMarc-Edouard Vlasic122400%0:00
4 vs 4 Forward
Line #CenterWingPHYDFOFWanted %Time %Time Play
1Joel Eriksson EkJake Guentzel122600%0:00
2Adam LowryElias Pettersson122400%0:00
4 vs 4 Defense
Line #DefensePHYDFOFWanted %Time %Time Play
1Justin SchultzOliver Ekman-Larsson122600%0:00
2Damon SeversonMarc-Edouard Vlasic122400%0:00
Last Minutes Offensive
Left WingCenterRight WingDefenseDefense
Joel Eriksson EkJake GuentzelCal ClutterbuckDamon SeversonOliver Ekman-Larsson
Last Minutes Defensive
Left WingCenterRight WingDefenseDefense
Joel Eriksson EkJake GuentzelCal ClutterbuckJustin SchultzOliver Ekman-Larsson
Time
Total ForwardTotal DefenseLast Minutes OffensiveLast Minutes Defensive
60:00 60:00 0:000:00
Extra Forwards
Normal PowerPlayPenalty Kill
Jake Guentzel, Adam Lowry, Cal ClutterbuckJoel Eriksson Ek, Jake GuentzelJake Guentzel
Extra Defensemen
Normal PowerPlayPenalty Kill
Justin Schultz, Damon Severson, Cam YorkJustin Schultz, Damon SeversonCam York
Penalty Shots
Jake Guentzel, Joel Eriksson Ek, Adam Lowry, Kyle Palmieri, Cal Clutterbuck
Goalie
Samuel Montembeault, Robin Lehner
Custom OT Lines Forwards
Jake Guentzel, Joel Eriksson Ek, Adam Lowry, Elias Pettersson, Quinton Byfield, Kyle Palmieri, Derek Grant, Joel Armia, Andrew Cogliano, Cal Clutterbuck
Custom OT Lines Defensemen
Oliver Ekman-Larsson, Cam York, Marc-Edouard Vlasic, Damon Severson, Justin Schultz
Scratches
Zach Bogosian (Left Knee Injury)

Maple Leafs

5 vs 5 Forward
Line #Left WingCenterRight WingPHYDFOFWanted %Time %Time Play
1Andrei SvechnikovConnor BedardJesper Bratt0323434%18:44
2Alex IafalloRyan JohansenNikolaj Ehlers0323130%16:40
3Eric StaalLinus KarlssonKaapo Kakko0412522%12:17
4Jonas RondbjergMichael McCarronMattias Janmark2211014%8:01
5 vs 5 Defense
Line #DefenseDefensePHYDFOFWanted %Time %Time Play
1Hampus LindholmMikhail Sergachev0323534%19:07
2Alexander RomanovCam Fowler0323535%19:43
3Braden SchneiderBen Hutton0323029%16:08
4Hampus LindholmMikhail Sergachev03201%0:44
Power Play Forward
Line #Left WingCenterRight WingPHYDFOFWanted %Time %Time Play
1Andrei SvechnikovConnor BedardNikolaj Ehlers0145048%2:03
2Jesper BrattRyan JohansenKaapo Kakko0145052%2:15
Power Play Defense
Line #DefenseDefensePHYDFOFWanted %Time %Time Play
1Hampus LindholmMikhail Sergachev0146055%2:22
2Alexander RomanovCam Fowler0144045%1:56
Penalty Kill 4 Players Forward
Line #CenterWingPHYDFOFWanted %Time %Time Play
1Ryan JohansenJonas Rondbjerg122600%0:00
2Eric StaalMattias Janmark122400%0:00
Penalty Kill 4 Players Defense
Line #DefenseDefensePHYDFOFWanted %Time %Time Play
1Cam FowlerAlexander Romanov122600%0:00
2Hampus LindholmMikhail Sergachev122400%0:00
Penalty Kill 3 Players
Line #WingPHYDFOFWanted %Time %Time PlayDefenseDefensePHYDFOFWanted %Time %Time Play
1Ryan Johansen050600%0:00 Alexander RomanovCam Fowler041600%0:00
2Eric Staal050400%0:00 Hampus LindholmMikhail Sergachev041400%0:00
4 vs 4 Forward
Line #CenterWingPHYDFOFWanted %Time %Time Play
1Ryan JohansenKaapo Kakko122600%0:00
2Linus KarlssonJesper Bratt122400%0:00
4 vs 4 Defense
Line #DefensePHYDFOFWanted %Time %Time Play
1Mikhail SergachevHampus Lindholm122600%0:00
2Alexander RomanovCam Fowler122400%0:00
Last Minutes Offensive
Left WingCenterRight WingDefenseDefense
Andrei SvechnikovConnor BedardJesper BrattMikhail SergachevAlex Iafallo
Last Minutes Defensive
Left WingCenterRight WingDefenseDefense
Jonas RondbjergRyan JohansenEric StaalHampus LindholmMikhail Sergachev
Time
Total ForwardTotal DefenseLast Minutes OffensiveLast Minutes Defensive
60:00 60:00 0:000:00
Extra Forwards
Normal PowerPlayPenalty Kill
Ryan Johansen, Andrei Svechnikov, Jesper BrattAndrei Svechnikov, Jesper BrattRyan Johansen
Extra Defensemen
Normal PowerPlayPenalty Kill
Mikhail Sergachev, Cam Fowler, Alexander RomanovMikhail Sergachev, Alexander RomanovHampus Lindholm
Penalty Shots
Ryan Johansen, Andrei Svechnikov, Connor Bedard, Kaapo Kakko, Cam Fowler
Goalie
Pyotr Kochetkov, Jordan Binnington
Custom OT Lines Forwards
Andrei Svechnikov, Connor Bedard, Nikolaj Ehlers, Jesper Bratt, Alex Iafallo, Kaapo Kakko, Ryan Johansen, Eric Staal, Jonas Rondbjerg, Mattias Janmark
Custom OT Lines Defensemen
Mikhail Sergachev, Hampus Lindholm, Cam Fowler, Alexander Romanov, Braden Schneider
Scratches
Travis Dermott (Healthy), Timothy Liljegren (Healthy)


Play-by-Play

1st period


0:01 of 1st period - Adam Lowry wins face-off versus Connor Bedard in neutral zone.
0:15 of 1st period - Icing by Hampus Lindholm.
0:16 of 1st period - Andrew Cogliano wins face-off versus Connor Bedard in Maple Leafs zone.
0:43 of 1st period - Mikhail Sergachev is hit by Cal Clutterbuck and loses puck.
1:19 of 1st period - Adam Lowry is hit by Michael McCarron and loses puck.
1:44 of 1st period - Snap shot by Nikolaj Ehlers.
1:44 of 1st period - Shot Misses the Net.
1:46 of 1st period - Slapshot by Hampus Lindholm.
1:46 of 1st period - Stopped by Samuel Montembeault with a rebound.
2:10 of 1st period - Backhand shot by Oliver Ekman-Larsson.
2:10 of 1st period - Stopped by Pyotr Kochetkov with a rebound.
2:24 of 1st period - Joel Armia is hit by Alexander Romanov and loses puck.
3:08 of 1st period - Snap shot by Kyle Palmieri.
3:08 of 1st period - Shot Blocked by Alex Iafallo.
3:48 of 1st period - Wrist shot by Elias Pettersson.
3:48 of 1st period - Shot Misses the Net.
3:58 of 1st period - Wrist shot by Connor Bedard.
3:58 of 1st period - Deflect By Jesper Bratt.
3:58 of 1st period - Stopped by Samuel Montembeault with a rebound.
4:00 of 1st period - Snap shot by Andrei Svechnikov.
4:00 of 1st period - Stopped by Samuel Montembeault without a rebound.
4:01 of 1st period - Derek Grant wins face-off versus Linus Karlsson in Capitals zone.
4:06 of 1st period - Eric Staal is hit by Cal Clutterbuck and loses puck.
4:16 of 1st period - Off-side.
4:17 of 1st period - Adam Lowry wins face-off versus Ryan Johansen in neutral zone.
5:09 of 1st period - Derek Grant is hit by Mikhail Sergachev and loses puck.
5:23 of 1st period - Off-side.
5:24 of 1st period - Quinton Byfield wins face-off versus Jesper Bratt in neutral zone.
5:29 of 1st period - Slapshot by Quinton Byfield.
5:29 of 1st period - Shot Misses the Net.
6:38 of 1st period - Wrist shot by Mattias Janmark.
6:38 of 1st period - Shot Blocked by Nathan Beaulieu.
6:50 of 1st period - Nathan Beaulieu is hit by Andrei Svechnikov and loses puck.
7:19 of 1st period - Wrist shot by Nikolaj Ehlers.
7:19 of 1st period - Stopped by Samuel Montembeault without a rebound.
7:20 of 1st period - Ryan Johansen wins face-off versus Derek Grant in Capitals zone.
7:23 of 1st period - Wrist shot by Nikolaj Ehlers.
7:23 of 1st period - Stopped by Samuel Montembeault with a rebound.
7:25 of 1st period - Snap shot by Nikolaj Ehlers.
7:25 of 1st period - Shot Blocked by Isac Lundestrom.
7:27 of 1st period - Snap shot by Nikolaj Ehlers.
7:27 of 1st period - Shot Misses the Net.
7:35 of 1st period - Slapshot by Nikolaj Ehlers.
7:35 of 1st period - Stopped by Samuel Montembeault with a rebound.
8:05 of 1st period - Off-side.
8:06 of 1st period - Connor Bedard wins face-off versus Andrew Cogliano in neutral zone.
8:33 of 1st period - Elias Pettersson is hit by Braden Schneider and loses puck.
8:44 of 1st period - Snap shot by Andrei Svechnikov.
8:44 of 1st period - Stopped by Samuel Montembeault with a rebound.
8:46 of 1st period - Wrist shot by Andrei Svechnikov.
8:46 of 1st period - Shot Misses the Net.
9:52 of 1st period - Slapshot by Jesper Bratt.
9:52 of 1st period - Deflect By Elias Pettersson.
9:52 of 1st period - Shot Misses the Net.
9:52 of 1st period - Puck is out of play.
9:53 of 1st period - Ryan Johansen wins face-off versus Derek Grant in Capitals zone.
9:56 of 1st period - Slapshot by Nikolaj Ehlers.
9:56 of 1st period - Stopped by Samuel Montembeault without a rebound.
9:57 of 1st period - Derek Grant wins face-off versus Ryan Johansen in Capitals zone.
10:06 of 1st period - Slapshot by Cal Clutterbuck.
10:06 of 1st period - Stopped by Pyotr Kochetkov without a rebound.
10:07 of 1st period - Adam Lowry wins face-off versus Ryan Johansen in Maple Leafs zone.
10:34 of 1st period - Derek Grant is hit by Michael McCarron and loses puck.
10:57 of 1st period - Marc-Edouard Vlasic is hit by Alexander Romanov and loses puck.
11:58 of 1st period - Ryan Johansen is hit by Nathan Beaulieu.
12:14 of 1st period - Wrist shot by Alex Iafallo.
12:14 of 1st period - Deflect By Nikolaj Ehlers.
12:14 of 1st period - Stopped by Samuel Montembeault with a rebound.
12:16 of 1st period - Wrist shot by Nikolaj Ehlers.
12:16 of 1st period - Shot Misses the Net.
12:18 of 1st period - Wrist shot by Ryan Johansen.
12:18 of 1st period - Stopped by Samuel Montembeault with a rebound.
12:44 of 1st period - Snap shot by Ryan Johansen.
12:44 of 1st period - Stopped by Samuel Montembeault with a rebound.
12:46 of 1st period - Slapshot by Alexander Romanov.
12:46 of 1st period - Stopped by Samuel Montembeault with a rebound.
12:48 of 1st period - Slapshot by Ryan Johansen.
12:48 of 1st period - Shot Misses the Net.
12:50 of 1st period - Snap shot by Nikolaj Ehlers.
12:50 of 1st period - Shot Misses the Net.
12:52 of 1st period - Slapshot by Alexander Romanov.
12:52 of 1st period - Deflect By Nikolaj Ehlers.
12:52 of 1st period - Shot Misses the Net.
12:52 of 1st period - Puck is out of play.
12:53 of 1st period - Derek Grant wins face-off versus Linus Karlsson in Capitals zone.
13:15 of 1st period - Icing by Hampus Lindholm.
13:16 of 1st period - Quinton Byfield wins face-off versus Connor Bedard in Maple Leafs zone.
13:17 of 1st period - Snap shot by Adam Fantilli.
13:17 of 1st period - Deflect By Quinton Byfield.
13:17 of 1st period - Stopped by Pyotr Kochetkov without a rebound.
13:18 of 1st period - Quinton Byfield wins face-off versus Connor Bedard in Maple Leafs zone.
13:19 of 1st period - Wrist shot by Adam Fantilli.
13:19 of 1st period - Goal by Adam Fantilli - Capitals : 1 - Maple Leafs : 0.
13:20 of 1st period - Derek Grant wins face-off versus Linus Karlsson in neutral zone.
13:45 of 1st period - Jesper Bratt is hit by Jake Guentzel and loses puck.
13:56 of 1st period - Oliver Ekman-Larsson is hit by Andrei Svechnikov and loses puck.
14:07 of 1st period - Braden Schneider is hit by Adam Fantilli and loses puck.
14:35 of 1st period - Off-side.
14:36 of 1st period - Adam Lowry wins face-off versus Eric Staal in neutral zone.
15:01 of 1st period - Jesper Bratt is hit by Derek Grant and loses puck.
15:08 of 1st period - Slapshot by Derek Grant.
15:08 of 1st period - Stopped by Pyotr Kochetkov with a rebound.
15:42 of 1st period - Joel Armia is hit by Mikhail Sergachev and loses puck.
16:03 of 1st period - Michael McCarron is hit by Cam York and loses puck.
16:26 of 1st period - Wrist shot by Jesper Bratt.
16:26 of 1st period - Shot Blocked by Nathan Beaulieu.
17:08 of 1st period - Wrist shot by Derek Grant.
17:08 of 1st period - Shot Misses the Net.
17:42 of 1st period - Andrew Cogliano is hit by Andrei Svechnikov and loses puck.
18:12 of 1st period - Oliver Ekman-Larsson is hit by Alexander Romanov and loses puck.
19:07 of 1st period - Wrist shot by Elias Pettersson.
19:07 of 1st period - Stopped by Pyotr Kochetkov without a rebound.
19:08 of 1st period - Connor Bedard wins face-off versus Andrew Cogliano in Maple Leafs zone.
19:15 of 1st period - Connor Bedard is hit by Kyle Palmieri and loses puck.
19:20 of 1st period - Snap shot by Elias Pettersson.
19:20 of 1st period - Deflect By Kyle Palmieri.
19:20 of 1st period - Goal by Kyle Palmieri - Capitals : 2 - Maple Leafs : 0.
19:21 of 1st period - Adam Lowry wins face-off versus Ryan Johansen in neutral zone.
19:42 of 1st period - Minor Penalty to Joel Eriksson Ek for Holding Stick.
19:43 of 1st period - Connor Bedard wins face-off versus Derek Grant in Capitals zone.
19:56 of 1st period - Snap shot by Nikolaj Ehlers.
19:56 of 1st period - Deflect By Andrew Cogliano.
19:56 of 1st period - Goal by Nikolaj Ehlers - Capitals : 2 - Maple Leafs : 1.
19:57 of 1st period - Connor Bedard wins face-off versus Derek Grant in neutral zone.
Goals for this period are 2 for Capitals vs 1 for Maple Leafs.
Shots for this period are 7 for Capitals vs 13 for Maple Leafs.

2nd period


0:01 of 2nd period - Derek Grant wins face-off versus Connor Bedard in neutral zone.
0:18 of 2nd period - Marc-Edouard Vlasic is hit by Connor Bedard and loses puck.
0:33 of 2nd period - Kaapo Kakko is hit by Andrew Cogliano and loses puck.
1:56 of 2nd period - Slapshot by Eric Staal.
1:56 of 2nd period - Shot Blocked by Cam York.
1:58 of 2nd period - Slapshot by Braden Schneider.
1:58 of 2nd period - Shot Blocked by Nathan Beaulieu.
2:00 of 2nd period - Snap shot by Linus Karlsson.
2:00 of 2nd period - Shot Misses the Net.
2:02 of 2nd period - Slapshot by Linus Karlsson.
2:02 of 2nd period - Shot Blocked by Andrew Cogliano.
2:14 of 2nd period - Ben Hutton is hit by Adam Lowry and loses puck.
3:20 of 2nd period - Oliver Ekman-Larsson is hit by Cam Fowler and loses puck.
3:44 of 2nd period - Justin Schultz is hit by Ryan Johansen.
3:59 of 2nd period - Quinton Byfield is hit by Jonas Rondbjerg and loses puck.
4:06 of 2nd period - Snap shot by Hampus Lindholm.
4:06 of 2nd period - Stopped by Samuel Montembeault with a rebound.
4:20 of 2nd period - Damon Severson is hit by Andrei Svechnikov and loses puck.
5:14 of 2nd period - Snap shot by Adam Lowry.
5:14 of 2nd period - Deflect By Jake Guentzel.
5:14 of 2nd period - Shot Misses the Net.
5:14 of 2nd period - Puck is out of play.
5:15 of 2nd period - Connor Bedard wins face-off versus Andrew Cogliano in Maple Leafs zone.
5:30 of 2nd period - Wrist shot by Kyle Palmieri.
5:30 of 2nd period - Stopped by Pyotr Kochetkov with a rebound.
5:47 of 2nd period - Wrist shot by Joel Eriksson Ek.
5:47 of 2nd period - Stopped by Pyotr Kochetkov without a rebound.
5:48 of 2nd period - Derek Grant wins face-off versus Linus Karlsson in Maple Leafs zone.
5:51 of 2nd period - Snap shot by Cal Clutterbuck.
5:51 of 2nd period - Stopped by Pyotr Kochetkov with a rebound.
6:18 of 2nd period - Kyle Palmieri is hit by Andrei Svechnikov and loses puck.
6:41 of 2nd period - Slapshot by Alex Iafallo.
6:41 of 2nd period - Shot Blocked by Justin Schultz.
6:43 of 2nd period - Wrist shot by Ryan Johansen.
6:43 of 2nd period - Goal by Ryan Johansen - Capitals : 2 - Maple Leafs : 2.
6:44 of 2nd period - Connor Bedard wins face-off versus Adam Lowry in neutral zone.
7:01 of 2nd period - Snap shot by Jesper Bratt.
7:01 of 2nd period - Stopped by Samuel Montembeault with a rebound.
7:17 of 2nd period - Snap shot by Ryan Johansen.
7:17 of 2nd period - Shot Blocked by Justin Schultz.
7:19 of 2nd period - Slapshot by Alexander Romanov.
7:19 of 2nd period - Stopped by Samuel Montembeault with a rebound.
7:21 of 2nd period - Slapshot by Cam Fowler.
7:21 of 2nd period - Shot Blocked by Justin Schultz.
7:55 of 2nd period - Snap shot by Quinton Byfield.
7:55 of 2nd period - Deflect By Adam Fantilli.
7:55 of 2nd period - Stopped by Pyotr Kochetkov with a rebound.
7:57 of 2nd period - Slapshot by Justin Schultz.
7:57 of 2nd period - Stopped by Pyotr Kochetkov with a rebound.
8:01 of 2nd period - Snap shot by Quinton Byfield.
8:01 of 2nd period - Stopped by Pyotr Kochetkov with a rebound.
8:03 of 2nd period - Wrist shot by Adam Fantilli.
8:03 of 2nd period - Stopped by Pyotr Kochetkov with a rebound.
8:43 of 2nd period - Joel Eriksson Ek is hit by Linus Karlsson and loses puck.
8:58 of 2nd period - Jake Guentzel is hit by Hampus Lindholm and loses puck.
9:25 of 2nd period - Kyle Palmieri is hit by Alexander Romanov and loses puck.
10:03 of 2nd period - Alexander Romanov is hit by Joel Armia and loses puck.
11:12 of 2nd period - Marc-Edouard Vlasic is hit by Andrei Svechnikov and loses puck.
11:17 of 2nd period - Wrist shot by Jesper Bratt.
11:17 of 2nd period - Shot Misses the Net.
11:19 of 2nd period - Slapshot by Hampus Lindholm.
11:19 of 2nd period - Shot Blocked by Cal Clutterbuck.
11:21 of 2nd period - Wrist shot by Connor Bedard.
11:21 of 2nd period - Deflect By Jesper Bratt.
11:21 of 2nd period - Stopped by Samuel Montembeault with a rebound.
11:23 of 2nd period - Snap shot by Hampus Lindholm.
11:23 of 2nd period - Shot Misses the Net.
11:58 of 2nd period - Snap shot by Linus Karlsson.
11:58 of 2nd period - Stopped by Samuel Montembeault with a rebound.
12:22 of 2nd period - Jonas Rondbjerg is hit by Jake Guentzel.
12:41 of 2nd period - Isac Lundestrom is hit by Connor Bedard and loses puck.
12:54 of 2nd period - Marc-Edouard Vlasic is hit by Ryan Johansen and loses puck.
13:05 of 2nd period - Snap shot by Alex Iafallo.
13:05 of 2nd period - Stopped by Samuel Montembeault with a rebound.
13:23 of 2nd period - Slapshot by Adam Fantilli.
13:23 of 2nd period - Shot Blocked by Eric Staal.
13:25 of 2nd period - Slapshot by Marc-Edouard Vlasic.
13:25 of 2nd period - Stopped by Pyotr Kochetkov without a rebound.
13:26 of 2nd period - Connor Bedard wins face-off versus Derek Grant in Maple Leafs zone.
14:00 of 2nd period - Slapshot by Joel Eriksson Ek.
14:00 of 2nd period - Stopped by Pyotr Kochetkov without a rebound.
14:01 of 2nd period - Joel Eriksson Ek wins face-off versus Ryan Johansen in Maple Leafs zone.
14:04 of 2nd period - Snap shot by Joel Eriksson Ek.
14:04 of 2nd period - Stopped by Pyotr Kochetkov with a rebound.
15:13 of 2nd period - Snap shot by Adam Fantilli.
15:13 of 2nd period - Deflect By Quinton Byfield.
15:13 of 2nd period - Shot Blocked by Ben Hutton.
15:13 of 2nd period - Puck is out of play.
15:14 of 2nd period - Quinton Byfield wins face-off versus Ryan Johansen in Maple Leafs zone.
15:24 of 2nd period - Icing by Nikolaj Ehlers.
15:25 of 2nd period - Alex Iafallo wins face-off versus Andrew Cogliano in Maple Leafs zone.
15:29 of 2nd period - Off-side.
15:30 of 2nd period - Connor Bedard wins face-off versus Andrew Cogliano in neutral zone.
16:06 of 2nd period - Snap shot by Adam Lowry.
16:06 of 2nd period - Stopped by Pyotr Kochetkov with a rebound.
16:28 of 2nd period - Wrist shot by Eric Staal.
16:28 of 2nd period - Shot Misses the Net.
16:46 of 2nd period - Slapshot by Hampus Lindholm.
16:46 of 2nd period - Stopped by Samuel Montembeault with a rebound.
16:48 of 2nd period - Wrist shot by Andrei Svechnikov.
16:48 of 2nd period - Stopped by Samuel Montembeault with a rebound.
16:50 of 2nd period - Slapshot by Hampus Lindholm.
16:50 of 2nd period - Shot Hit the Post.
16:52 of 2nd period - Wrist shot by Mikhail Sergachev.
16:52 of 2nd period - Stopped by Samuel Montembeault with a rebound.
17:04 of 2nd period - Ben Hutton is hit by Kyle Palmieri and loses puck.
17:25 of 2nd period - Slapshot by Joel Eriksson Ek.
17:25 of 2nd period - Shot Misses the Net.
18:07 of 2nd period - Slapshot by Andrei Svechnikov.
18:07 of 2nd period - Stopped by Samuel Montembeault with a rebound.
18:54 of 2nd period - Slapshot by Andrei Svechnikov.
18:54 of 2nd period - Shot Misses the Net.
19:00 of 2nd period - Slapshot by Andrei Svechnikov.
19:00 of 2nd period - Stopped by Samuel Montembeault with a rebound.
19:08 of 2nd period - Slapshot by Connor Bedard.
19:08 of 2nd period - Stopped by Samuel Montembeault with a rebound.
19:10 of 2nd period - Slapshot by Mikhail Sergachev.
19:10 of 2nd period - Shot Misses the Net.
19:50 of 2nd period - Snap shot by Jesper Bratt.
19:50 of 2nd period - Stopped by Samuel Montembeault with a rebound.
19:52 of 2nd period - Snap shot by Jesper Bratt.
19:52 of 2nd period - Shot Blocked by Oliver Ekman-Larsson.
Goals for this period are 0 for Capitals vs 1 for Maple Leafs.
Shots for this period are 11 for Capitals vs 14 for Maple Leafs.

3rd period


0:01 of 3rd period - Adam Lowry wins face-off versus Ryan Johansen in neutral zone.
0:14 of 3rd period - Slapshot by Jake Guentzel.
0:14 of 3rd period - Shot Misses the Net.
0:16 of 3rd period - Snap shot by Joel Eriksson Ek.
0:16 of 3rd period - Stopped by Pyotr Kochetkov without a rebound.
0:17 of 3rd period - Derek Grant wins face-off versus Linus Karlsson in Maple Leafs zone.
0:57 of 3rd period - Cam York is hit by Ryan Johansen and loses puck.
1:37 of 3rd period - Wrist shot by Adam Fantilli.
1:37 of 3rd period - Stopped by Pyotr Kochetkov with a rebound.
1:55 of 3rd period - Snap shot by Michael McCarron.
1:55 of 3rd period - Goal by Michael McCarron - Capitals : 2 - Maple Leafs : 3.
1:56 of 3rd period - Derek Grant wins face-off versus Ryan Johansen in neutral zone.
2:08 of 3rd period - Wrist shot by Cal Clutterbuck.
2:08 of 3rd period - Shot Blocked by Cam Fowler.
2:10 of 3rd period - Snap shot by Derek Grant.
2:10 of 3rd period - Goal by Derek Grant - Capitals : 3 - Maple Leafs : 3.
2:11 of 3rd period - Linus Karlsson wins face-off versus Adam Lowry in neutral zone.
2:18 of 3rd period - Backhand shot by Joel Eriksson Ek.
2:18 of 3rd period - Shot Misses the Net.
2:20 of 3rd period - Wrist shot by Adam Lowry.
2:20 of 3rd period - Shot Misses the Net.
2:26 of 3rd period - Snap shot by Joel Eriksson Ek.
2:26 of 3rd period - Goal by Joel Eriksson Ek - Capitals : 4 - Maple Leafs : 3.
2:27 of 3rd period - Derek Grant wins face-off versus Ryan Johansen in neutral zone.
2:40 of 3rd period - Snap shot by Derek Grant.
2:40 of 3rd period - Stopped by Pyotr Kochetkov with a rebound.
2:42 of 3rd period - Slapshot by Justin Schultz.
2:42 of 3rd period - Stopped by Pyotr Kochetkov with a rebound.
2:52 of 3rd period - Justin Schultz is hit by Alexander Romanov and loses puck.
3:01 of 3rd period - Snap shot by Eric Staal.
3:01 of 3rd period - Shot Blocked by Oliver Ekman-Larsson.
3:03 of 3rd period - Wrist shot by Eric Staal.
3:03 of 3rd period - Shot Misses the Net.
3:05 of 3rd period - Wrist shot by Braden Schneider.
3:05 of 3rd period - Shot Misses the Net.
3:35 of 3rd period - Slapshot by Adam Fantilli.
3:35 of 3rd period - Stopped by Pyotr Kochetkov with a rebound.
3:41 of 3rd period - Justin Schultz is hit by Mikhail Sergachev and loses puck.
3:56 of 3rd period - Snap shot by Derek Grant.
3:56 of 3rd period - Shot Misses the Net.
3:58 of 3rd period - Snap shot by Cal Clutterbuck.
3:58 of 3rd period - Shot Blocked by Alexander Romanov.
4:00 of 3rd period - Snap shot by Cal Clutterbuck.
4:00 of 3rd period - Stopped by Pyotr Kochetkov without a rebound.
4:01 of 3rd period - Ryan Johansen wins face-off versus Derek Grant in Maple Leafs zone.
4:32 of 3rd period - Slapshot by Cam Fowler.
4:32 of 3rd period - Deflect By Eric Staal.
4:32 of 3rd period - Stopped by Samuel Montembeault with a rebound.
4:50 of 3rd period - Kyle Palmieri is hit by Andrei Svechnikov and loses puck.
5:15 of 3rd period - Cam Fowler is hit by Cam York and loses puck.
5:30 of 3rd period - Slapshot by Ryan Johansen.
5:30 of 3rd period - Shot Blocked by Derek Grant.
5:36 of 3rd period - Slapshot by Cam York.
5:36 of 3rd period - Stopped by Pyotr Kochetkov without a rebound.
5:37 of 3rd period - Derek Grant wins face-off versus Ryan Johansen in Maple Leafs zone.
5:42 of 3rd period - Snap shot by Cal Clutterbuck.
5:42 of 3rd period - Shot Misses the Net.
6:02 of 3rd period - Snap shot by Ryan Johansen.
6:02 of 3rd period - Shot Blocked by Damon Severson.
7:23 of 3rd period - Snap shot by Nikolaj Ehlers.
7:23 of 3rd period - Stopped by Samuel Montembeault with a rebound.
7:33 of 3rd period - Wrist shot by Alex Iafallo.
7:33 of 3rd period - Shot Blocked by Damon Severson.
7:35 of 3rd period - Slapshot by Alexander Romanov.
7:35 of 3rd period - Stopped by Samuel Montembeault without a rebound.
7:36 of 3rd period - Connor Bedard wins face-off versus Adam Lowry in Capitals zone.
7:41 of 3rd period - Snap shot by Jesper Bratt.
7:41 of 3rd period - Goal by Jesper Bratt - Capitals : 4 - Maple Leafs : 4.
7:42 of 3rd period - Adam Lowry wins face-off versus Linus Karlsson in neutral zone.
7:44 of 3rd period - Minor Penalty to Joel Eriksson Ek for Elbowing.
7:45 of 3rd period - Jake Guentzel wins face-off versus Andrei Svechnikov in Capitals zone.
9:44 of 3rd period - Penalty to Joel Eriksson Ek is over, Joel Eriksson Ek is back on ice.
10:09 of 3rd period - Braden Schneider is hit by Elias Pettersson and loses puck.
10:24 of 3rd period - Wrist shot by Joel Eriksson Ek.
10:24 of 3rd period - Deflect By Jake Guentzel.
10:24 of 3rd period - Stopped by Pyotr Kochetkov with a rebound.
10:26 of 3rd period - Slapshot by Elias Pettersson.
10:26 of 3rd period - Goal by Elias Pettersson - Capitals : 5 - Maple Leafs : 4.
10:27 of 3rd period - Derek Grant wins face-off versus Jesper Bratt in neutral zone.
10:36 of 3rd period - Slapshot by Nathan Beaulieu.
10:36 of 3rd period - Stopped by Pyotr Kochetkov with a rebound.
10:38 of 3rd period - Slapshot by Cal Clutterbuck.
10:38 of 3rd period - Stopped by Pyotr Kochetkov with a rebound.
10:40 of 3rd period - Slapshot by Isac Lundestrom.
10:40 of 3rd period - Shot Misses the Net.
10:42 of 3rd period - Snap shot by Cam York.
10:42 of 3rd period - Stopped by Pyotr Kochetkov with a rebound.
10:52 of 3rd period - Connor Bedard is hit by Quinton Byfield and loses puck.
11:01 of 3rd period - Snap shot by Andrei Svechnikov.
11:01 of 3rd period - Stopped by Samuel Montembeault without a rebound.
11:02 of 3rd period - Linus Karlsson wins face-off versus Derek Grant in Capitals zone.
11:21 of 3rd period - Eric Staal is hit by Derek Grant.
11:51 of 3rd period - Justin Schultz is hit by Michael McCarron and loses puck.
12:10 of 3rd period - Wrist shot by Adam Fantilli.
12:10 of 3rd period - Stopped by Pyotr Kochetkov with a rebound.
12:12 of 3rd period - Slapshot by Justin Schultz.
12:12 of 3rd period - Shot Blocked by Alexander Romanov.
12:14 of 3rd period - Wrist shot by Quinton Byfield.
12:14 of 3rd period - Stopped by Pyotr Kochetkov with a rebound.
12:16 of 3rd period - Slapshot by Oliver Ekman-Larsson.
12:16 of 3rd period - Shot Blocked by Andrei Svechnikov.
12:18 of 3rd period - Wrist shot by Joel Armia.
12:18 of 3rd period - Shot Misses the Net.
13:08 of 3rd period - Wrist shot by Joel Eriksson Ek.
13:08 of 3rd period - Shot Blocked by Alexander Romanov.
13:11 of 3rd period - Icing by Mattias Janmark.
13:12 of 3rd period - Joel Eriksson Ek wins face-off versus Michael McCarron in Maple Leafs zone.
13:33 of 3rd period - Minor Penalty to Adam Lowry for High sticking.
13:34 of 3rd period - Ryan Johansen wins face-off versus Derek Grant in Capitals zone.
13:39 of 3rd period - Snap shot by Jesper Bratt.
13:39 of 3rd period - Goal by Jesper Bratt - Capitals : 5 - Maple Leafs : 5.
13:40 of 3rd period - Connor Bedard wins face-off versus Andrew Cogliano in neutral zone.
13:45 of 3rd period - Hampus Lindholm is hit by Andrew Cogliano and loses puck.
13:54 of 3rd period - Snap shot by Connor Bedard.
13:54 of 3rd period - Stopped by Samuel Montembeault with a rebound.
14:09 of 3rd period - Mikhail Sergachev is hit by Justin Schultz and loses puck.
14:50 of 3rd period - Snap shot by Elias Pettersson.
14:50 of 3rd period - Shot Misses the Net.
14:52 of 3rd period - Slapshot by Kyle Palmieri.
14:52 of 3rd period - Shot Blocked by Hampus Lindholm.
15:08 of 3rd period - Snap shot by Elias Pettersson.
15:08 of 3rd period - Stopped by Pyotr Kochetkov without a rebound.
15:09 of 3rd period - Linus Karlsson wins face-off versus Adam Lowry in Maple Leafs zone.
15:09 of 3rd period - Linus Karlsson is hit by Joel Eriksson Ek.
15:24 of 3rd period - Wrist shot by Eric Staal.
15:24 of 3rd period - Shot Misses the Net.
15:34 of 3rd period - Cam York is hit by Ryan Johansen and loses puck.
15:53 of 3rd period - Wrist shot by Mattias Janmark.
15:53 of 3rd period - Stopped by Samuel Montembeault with a rebound.
15:55 of 3rd period - Slapshot by Ben Hutton.
15:55 of 3rd period - Shot Blocked by Joel Eriksson Ek.
15:57 of 3rd period - Backhand shot by Braden Schneider.
15:57 of 3rd period - Deflect By Joel Eriksson Ek.
15:57 of 3rd period - Stopped by Samuel Montembeault with a rebound.
15:59 of 3rd period - Slapshot by Jonas Rondbjerg.
15:59 of 3rd period - Shot Blocked by Cam York.
16:01 of 3rd period - Slapshot by Braden Schneider.
16:01 of 3rd period - Shot Misses the Net.
16:35 of 3rd period - Minor Penalty to Joel Armia for Holding Stick.
16:36 of 3rd period - Ryan Johansen wins face-off versus Derek Grant in Capitals zone.
17:02 of 3rd period - Marc-Edouard Vlasic is hit by Hampus Lindholm and loses puck.
18:35 of 3rd period - Penalty to Joel Armia is over, Joel Armia is back on ice.
18:42 of 3rd period - Mattias Janmark is hit by Adam Lowry and loses puck.
18:47 of 3rd period - Snap shot by Jake Guentzel.
18:47 of 3rd period - Stopped by Pyotr Kochetkov with a rebound.
18:59 of 3rd period - Wrist shot by Mattias Janmark.
18:59 of 3rd period - Shot Misses the Net.
Goals for this period are 3 for Capitals vs 3 for Maple Leafs.
Shots for this period are 18 for Capitals vs 10 for Maple Leafs.

Overtime #1


0:01 of 1st overtime period - Joel Eriksson Ek wins face-off versus Connor Bedard in neutral zone.
0:04 of 1st overtime period - Snap shot by Jake Guentzel.
0:04 of 1st overtime period - Shot Misses the Net.
0:17 of 1st overtime period - Snap shot by Jake Guentzel.
0:17 of 1st overtime period - Shot Misses the Net.
0:39 of 1st overtime period - Snap shot by Adam Lowry.
0:39 of 1st overtime period - Stopped by Pyotr Kochetkov with a rebound.
1:15 of 1st overtime period - Adam Lowry is hit by Kaapo Kakko and loses puck.
2:05 of 1st overtime period - Wrist shot by Elias Pettersson.
2:05 of 1st overtime period - Shot Misses the Net.
2:17 of 1st overtime period - Jesper Bratt is hit by Quinton Byfield and loses puck.
2:56 of 1st overtime period - Backhand shot by Mikhail Sergachev.
2:56 of 1st overtime period - Stopped by Samuel Montembeault with a rebound.
4:53 of 1st overtime period - Ryan Johansen is hit by Quinton Byfield and loses puck.
Goals for this period are 0 for Capitals vs 0 for Maple Leafs.
Shots for this period are 1 for Capitals vs 1 for Maple Leafs.

ShootOut


5:00 of 1st overtime period - Round #1.
5:00 of 1st overtime period - Capitals, Jake Guentzel.
5:00 of 1st overtime period - Deke by Jake Guentzel.
5:00 of 1st overtime period - Stopped by Pyotr Kochetkov.
5:00 of 1st overtime period - Maple Leafs, Ryan Johansen.
5:00 of 1st overtime period - Wrist shot by Ryan Johansen.
5:00 of 1st overtime period - Stopped by Samuel Montembeault.
5:00 of 1st overtime period - Round #2.
5:00 of 1st overtime period - Capitals, Joel Eriksson Ek.
5:00 of 1st overtime period - Wrist shot by Joel Eriksson Ek.
5:00 of 1st overtime period - Stopped by Pyotr Kochetkov.
5:00 of 1st overtime period - Maple Leafs, Andrei Svechnikov.
5:00 of 1st overtime period - Snap shot by Andrei Svechnikov.
5:00 of 1st overtime period - Stopped by Samuel Montembeault.
5:00 of 1st overtime period - Round #3.
5:00 of 1st overtime period - Capitals, Adam Lowry.
5:00 of 1st overtime period - Deke by Adam Lowry.
5:00 of 1st overtime period - Stopped by Pyotr Kochetkov.
5:00 of 1st overtime period - Maple Leafs, Connor Bedard.
5:00 of 1st overtime period - Snap shot by Connor Bedard.
5:00 of 1st overtime period - Goal by Connor Bedard.